Map: [ESL] Alcyone

Players

ByuN - Winner!

  • Race: Terran Terran
  • Spawn Location: 7:00

GuMiho

  • Race: Terran Terran
  • Spawn Location: 1:00

Event: ESL SC2 Masters 2023 Winter (Finals)

VOD

Have the link to the VOD?

Description

Time

  • Played on: Dec. 16, 2023, 1:50 p.m.
  • Length: 10:12

All games in this series

Show
View Real Time Build Order
Export as new Build Order

ByuN Terran - Winner!

Build Orders:  

Get SALT Encoding   

  12  0:00  SCV  
  13  0:13  Supply Depot  
  13  0:17  SCV  
  14  0:34  Barracks  
  14  0:39  Refinery  
  15  0:53  Barracks  
  14  0:58  SCV  
  15  1:11  SCV  
  16  1:22  Reaper  
  16  1:24  Orbital Command  
  17  1:30  Refinery  
  17  1:40  Reaper  
  18  1:50  SCV  
  18  1:52  Supply Depot  
  19  1:57  Reaper  
  20  2:02  SCV  
  21  2:12  Reaper  
  21  2:14  SCV  
  23  2:26  SCV  
  23  2:29  Reaper  
  24  2:39  SCV  
  25  2:44  Reaper  
  25  2:51  Factory, SCV  
  27  3:01  Reaper  
  29  3:06  SCV  
  29  3:17  Reaper  
  27  3:33  Reaper  
  27  3:35  SCV  
  28  3:47  SCV  
  28  3:48  Command Center, Supply Depot  
  28  3:49  Reaper  
  29  3:59  Factory Reactor, SCV  
  29  4:01  Starport  
  30  4:10  Command Center  
  30  4:12  SCV  
  31  4:24  SCV  
  31  4:26  Supply Depot  
  32  4:36  Cyclone, SCV  
  32  4:37  Cyclone, Refinery  
  37  4:47  Liberator  
  37  4:49  SCV  
  40  5:01  SCV  
  41  5:09  Cyclone x2  
  41  5:13  SCV  
  41  5:14  Orbital Command  
  45  5:25  Barracks Tech Lab, SCV  
  46  5:30  Liberator  
  49  5:37  SCV  
  49  5:39  SCV  
  51  5:43  Cyclone x2  
  51  5:45  Supply Depot  
  51  5:49  Orbital Command, SCV  
  56  5:51  SCV  
  56  5:55  Stimpack  
  57  6:01  SCV  
  57  6:03  SCV  
  59  6:08  Marine  
  60  6:13  Starport Reactor, SCV  
  60  6:15  SCV  
  62  6:20  SCV  
  62  6:21  Barracks  
  62  6:24  Barracks  
  63  6:25  Factory Tech Lab, SCV  
  63  6:28  SCV  
  63  6:30  Marine  
  63  6:32  SCV  
  67  6:35  Engineering Bay x2  
  67  6:38  SCV  
  68  6:40  SCV  
  70  6:48  Marine, Supply Depot  
  70  6:53  Factory Tech Lab  
  70  6:54  SCV x3  
  73  7:06  Marine  
  73  7:07  Barracks, Missile Turret  
  74  7:08  Missile Turret  
  74  7:09  Terran Infantry Weapons Level 1  
  74  7:11  Terran Infantry Armor Level 1  
  74  7:12  Barracks  
  74  7:14  SCV x2  
  76  7:19  Orbital Command  
  76  7:21  Concussive Shells  
  76  7:25  Marauder x2  
  76  7:28  Medivac  
  76  7:29  Medivac  
  84  7:34  SCV x2, Refinery  
  84  7:36  Combat Shield  
  85  7:46  SCV  
  85  7:48  SCV  
  85  7:49  SCV  
  85  7:50  Marine  
  85  7:51  Marauder, Marine  
  92  7:55  Missile Turret  
  92  7:56  Marauder  
  94  7:58  SCV  
  94  8:00  SCV  
  94  8:01  SCV  
  94  8:04  Armory, Supply Depot  
  97  8:08  Barracks Reactor  
  97  8:09  Barracks Tech Lab  
  97  8:10  SCV  
  99  8:12  SCV  
  99  8:13  SCV  
  99  8:19  Marauder  
  101  8:25  Marauder, SCV x3, Marine x2  
  108  8:37  Supply Depot  
  108  8:41  Siege Tank  
  108  8:46  Marauder  
  108  8:47  Medivac, Marauder x2  
  108  8:48  Medivac  
  109  8:50  Marine x4  
  109  8:54  SCV x2  
  101  8:58  SCV  
  102  9:05  Command Center  
  102  9:07  Marine x2, Marauder  
  102  9:08  Marauder x2, Marine x2  
  112  9:13  Siege Tank  
  112  9:24  Refinery  
  112  9:25  Marine x2  
  112  9:26  Marine, Refinery  
  112  9:28  Marauder  
  117  9:34  SCV x2  
  117  9:35  Marauder x2  
  117  9:36  Supply Depot  
  117  9:37  Supply Depot  
  117  9:38  Supply Depot  
  123  9:39  Marine  
  123  9:43  Marine  
  125  9:49  SCV  
  125  9:50  SCV, Marauder  
  125  9:51  SCV  
Show
View Real Time Build Order
Export as new Build Order

GuMiho Terran 

Build Orders: Gas First Reaper Expand 

Get SALT Encoding   

  12  0:00  SCV  
  13  0:12  SCV  
  14  0:17  Supply Depot  
  14  0:24  SCV  
  14  0:27  Refinery  
  15  0:38  SCV  
  16  0:43  Barracks  
  16  0:50  SCV  
  17  1:03  SCV  
  18  1:15  SCV  
  19  1:30  Orbital Command, Reaper  
  20  1:40  Command Center  
  20  1:50  Factory  
  20  1:55  SCV  
  21  2:02  Supply Depot  
  21  2:04  Marine  
  21  2:07  SCV  
  23  2:15  Refinery  
  23  2:20  SCV  
  23  2:23  Marine  
  23  2:32  SCV  
  23  2:38  Hellion  
  23  2:41  Marine  
  23  2:44  SCV  
  26  2:52  Starport  
  25  2:59  Marine  
  25  3:00  Hellion  
  25  3:05  SCV  
  26  3:18  Marine  
  26  3:19  SCV  
  27  3:21  Hellion  
  24  3:31  SCV  
  23  3:35  Starport Tech Lab  
  23  3:36  Marine  
  21  3:43  SCV  
  21  3:45  Hellion  
  24  3:55  Marine  
  25  3:56  SCV  
  25  3:58  Banshee  
  28  4:08  SCV  
  28  4:09  Cyclone  
  31  4:20  Orbital Command, SCV  
  31  4:23  Barracks Reactor  
  32  4:32  SCV  
  33  4:44  SCV  
  34  4:51  Orbital Command  
  34  4:56  SCV  
  36  5:03  Raven  
  37  5:08  SCV  
  37  5:09  Cyclone x2  
  42  5:17  Supply Depot, SCV  
  42  5:19  Refinery  
  42  5:20  SCV  
  44  5:29  SCV  
  44  5:31  Supply Depot  
  44  5:32  SCV  
  46  5:39  Raven  
  46  5:41  SCV  
  48  5:44  SCV  
  48  5:45  Cyclone  
  51  5:53  Cyclone  
  51  5:54  SCV  
  54  6:01  Supply Depot  
  54  6:03  SCV  
  55  6:06  SCV  
  56  6:13  Raven  
  56  6:15  SCV  
  59  6:18  SCV  
  59  6:22  Command Center  
  60  6:26  Interference Matrix  
  60  6:27  SCV  
  60  6:30  Cyclone, SCV  
  64  6:35  Cyclone  
  64  6:39  SCV  
  67  6:42  SCV  
  68  6:49  Supply Depot  
  68  6:51  Raven, SCV  
  68  6:53  Supply Depot  
  71  6:55  SCV  
  70  7:03  Cyclone, SCV  
  70  7:07  SCV  
  74  7:08  Supply Depot  
  74  7:10  Cyclone  
  74  7:15  SCV  
  77  7:19  SCV  
  78  7:27  SCV  
  79  7:31  Factory, SCV  
  79  7:35  Cyclone, Refinery  
  82  7:39  SCV  
  82  7:42  Cyclone  
  85  7:44  SCV  
  85  7:50  Starport Reactor  
  86  7:51  SCV  
  86  7:53  Factory  
  86  7:56  SCV  
  88  8:02  Orbital Command  
  88  8:04  SCV  
  89  8:08  SCV  
  89  8:10  Hellion  
  92  8:15  Hellion  
  92  8:16  SCV  
  92  8:17  Supply Depot  
  92  8:19  Supply Depot  
  95  8:21  SCV  
  95  8:24  Siege Tank  
  99  8:29  SCV x2  
  99  8:33  SCV  
  102  8:36  Cyclone x2  
  99  8:41  SCV x2  
  99  8:45  SCV  
  90  8:55  Cyclone  
  90  8:56  Cyclone, SCV x2  
  90  8:57  SCV  
  93  9:08  Liberator x2, Cyclone, SCV  
  93  9:09  Supply Depot, SCV x2  
  104  9:14  Refinery x2  
  104  9:22  SCV x2  
  104  9:23  SCV  
  107  9:28  Siege Tank, Engineering Bay  
  110  9:32  Hellion  
  110  9:33  Hellion  
  110  9:34  SCV  
  110  9:35  SCV  
  110  9:38  SCV  
  117  9:45  Armory  
  117  9:47  Armory  
Tags
 
Add a new tag
Caveats
  • Supply blocks, unpowered buildings, or Contaminate may cause inaccurate times.
  • Supply counts are checked every 10 seconds.